 Dungeon Crawl Stone Soup version 0.30-a0-879-ga8ba668304 (webtiles) character file.

Game seed: 4123335385128303354

58 M4edhros the Ducker (level 4, -4/30 HPs)
             Began as an Octopode Artificer on Mar 14, 2023.
             Slain by an ice beast (7 damage)
             ... on level 3 of the Dungeon.
             The game lasted 00:01:18 (1490 turns).

M4edhros the Ducker (Octopode Artificer)            Turns: 1490, Time: 00:01:19

Health: -4/30      AC:  1    Str: 11    XL:     4   Next: 1%
Magic:  0/4        EV: 14    Int: 13    God:
Gold:   121        SH:  0    Dex: 14    Spells: 3/3 levels left

rFire   . . .      SeeInvis .    (no weapon)
rCold   . . .      Faith    .    (no shield)
rNeg    . . .      Spirit   +    (helmet restricted)
rPois   .          Reflect  .    g - amulet of guardian spirit
rElec   .          Rampage  .    (no ring)
rCorr   .                        (no ring)
Will    .....                    (no ring)
Stlth   +++                      (no ring)
HPRegen 0.25/turn                (no ring)
MPRegen 0.09/turn                (no ring)
                                 (no ring)
                                 (no ring)

@: no status effects
A: almost no armour, amphibious, 8 rings, camouflage 1, gelatinous body 1,
(nimble swimmer 1), tentacles
a: no special abilities


You were on level 3 of the Dungeon.
You visited 1 branch of the dungeon, and saw 3 of its levels.

You collected 121 gold pieces.

Inventory:

Jewellery
 g - an amulet of guardian spirit (around mantle)
 k - an amulet of the acrobat
Wands
 b - a wand of flame (6) (quivered)
 c - a wand of charming (15)
 d - a wand of iceblast (5)
Scrolls
 a - 2 scrolls of teleportation {unknown}
 e - 3 scrolls of poison {unknown}
 h - a scroll of acquirement {unknown}
 j - a scroll of enchant armour {unknown}
 m - 2 scrolls of identify {unknown}
 n - a scroll of blinking {unknown}
 r - a scroll of noise {unknown}
Potions
 f - a potion of lignification {unknown}
 i - 2 potions of curing {unknown}
 l - a potion of magic {unknown}
 o - a potion of cancellation {unknown}
 p - a potion of attraction {unknown}
 q - a potion of flight {unknown}


   Skills:
 + Level 2.6 Fighting
 + Level 3.4 Dodging
 - Level 1.3 Stealth
 - Level 3.2 Evocations


You had 3 spell levels left.
You didn't know any spells.
Your spell library was empty.

Dungeon Overview and Level Annotations

Branches:
Dungeon (3/15)

Altars:


Innate Abilities, Weirdness & Mutations

You cannot wear most types of armour.
You are amphibious.
You can wear up to eight rings at the same time.
Your skin changes colour to match your surroundings (Stealth+).
Your rubbery body absorbs attacks. (AC +1, EV +1)
((You are camouflaged when in or above water. (Stealth+)))
You have tentacles for arms and can constrict up to eight enemies at once.


Message History

Aiming: Throw Flame
Press: ? - help, Shift-Dir - straight line, f - ice beast
Aim: an ice beast (71% to hit)
The puff of flame hits the ice beast!
The ice beast melts!
The ice beast is moderately wounded.
The ice beast hits you but does no damage.
Aiming: Throw Flame
Press: ? - help, Shift-Dir - straight line, f/p - ice beast
Aim: an ice beast (moderately wounded, 71% to hit)
The puff of flame hits the ice beast!
The ice beast melts!
The ice beast is severely wounded.
The ice beast closely misses you.
Aiming: Throw Flame
Press: ? - help, Shift-Dir - straight line, f/p - ice beast
Aim: an ice beast (severely wounded, 71% to hit)
The puff of flame misses the ice beast.
The ice beast misses you.
Aiming: Throw Flame
Press: ? - help, Shift-Dir - straight line, f/p - ice beast
Aim: an ice beast (severely wounded, 71% to hit)
The puff of flame hits the ice beast.
The ice beast melts!
The ice beast is severely wounded.
The ice beast hits you. The ice beast freezes you.
Aiming: Throw Flame
Press: ? - help, Shift-Dir - straight line, f/p - ice beast
Aim: an ice beast (severely wounded, 71% to hit)
The puff of flame misses the ice beast.
The ice beast barely misses you.
Aiming: Throw Flame
Press: ? - help, Shift-Dir - straight line, f/p - ice beast
Aim: an ice beast (severely wounded, 71% to hit)
The puff of flame hits the ice beast.
The ice beast melts!
The ice beast is almost dead.
The ice beast hits you. The ice beast freezes you!
* * * LOW HITPOINT WARNING * * *
Aiming: Throw Flame
Press: ? - help, Shift-Dir - straight line, f/p - ice beast
Aim: an ice beast (almost dead, 71% to hit)
The puff of flame misses the ice beast.
The ice beast hits you.
* * * LOW HITPOINT WARNING * * *
The ice beast freezes you!
You die...

## .# ### .# #.. ###
.####.# ..# ...##.#
#.# .#<##.#.# #Y#
.#.##.#.# #@#######
......#.# #........
####..#.# #.#######
#.....#.########.#
#.##.............###
#.##..#.#######....#
........# #).#.#
#.##.†#.# #..#.#### #
#..#.#######.........


You could see an ice beast.

Vanquished Creatures
  2 adders (D:2)
  2 dart slugs
  6 ball pythons
  3 bats
  2 endoplasms (D:1)
  2 giant cockroaches (D:2)
  4 goblins
  2 hobgoblins
  2 quokkas (D:1)
  2 frilled lizards
  2 kobolds (D:1)
  5 rats
34 creatures vanquished.

Notes
Turn   | Place    | Note
-------+----------+-------------------------------------------
     0 | D:1      | M4edhros the Octopode Artificer began the quest for the
                  | Orb.
     0 | D:1      | Reached XP level 1. HP: 13/13 MP: 1/1
   182 | D:1      | Reached XP level 2. HP: 17/17 MP: 2/2
   816 | D:2      | Reached XP level 3. HP: 24/24 MP: 3/3
  1208 | D:2      | Noticed an ogre
  1295 | D:2      | Found a faded altar of an unknown god.
  1462 | D:3      | Reached XP level 4. HP: 30/30 MP: 4/4
  1479 | D:3      | Noticed an ice beast
  1490 | D:3      | Slain by an ice beast

Illustrated notes

Levels and vault maps discovered:
D:1:      lightli_arrival_chessboard, layout_basic, corexii_leaking_fountain,
          minmay_misc_feat_plants, minmay_door_square, minmay_domino_4
D:2:      minmay_wonky_spiral, layout_rooms,
          hellmonk_ecumenical_altar_heavens_door, lightli_corner_chamber
D:3:      minmay_diamond_boxcup, layout_loops_ring

Skill      XL: |  1  2 |
---------------+-------+-----
Fighting       | 2 |  2.6
Dodging        | 3 |  3.4
Stealth        | |  1.3
Evocations     | |  3.2

Action                     |  1- 3 |  4- 6 || total
---------------------------+-------+-------++-------
  Melee: Unarmed           |    98 |       ||    98
         Constrict         |    30 |       ||    30
         Tentacles         |    23 |       ||    23
  Evoke: Wand              |     2 |     7 ||     9
   Stab: Sleeping          |    11 |       ||    11
         Distracted        |     1 |       ||     1
 Armour: Skin              |     6 |     1 ||     7
  Dodge: Dodged            |    72 |     3 ||    75

Table legend: (Time is in decaauts)
 A = Elapsed time spent in this place.
 B = Non-inter-level travel time spent in this place.
 C = Inter-level travel time spent in this place.
 D = Time resting spent in this place.
 E = Time spent auto-exploring this place.
 F = Levels seen in this place.
 G = Mean time per level.
                   A        B        C        D        E       F      G
               +--------+--------+--------+--------+--------+-----+--------+
         Total |   1489 |   1459 |     30 |      0 |   1142 |   3 |  496.3 |
       Dungeon |   1489 |   1459 |     30 |      0 |   1142 |   3 |  496.3 |
               +--------+--------+--------+--------+--------+-----+--------+

Top non-repeatable levels by time:
     D:1: 778 daAuts
     D:2: 644 daAuts
     D:3: 66 daAuts
